 Dungeon Crawl Stone Soup version 0.17.0-9-g801d43b (webtiles) character file.

132 tp1 the Magician (level 4, -5/30 HPs)
             Began as a Demonspawn Wizard on Nov 9, 2015.
             Killed by divine providence
             ... invoked by an orc priest
              (12 damage)
             ... on level 2 of the Dungeon.
             The game lasted 00:10:50 (2753 turns).

tp1 the Magician (Demonspawn Wizard)                Turns: 2753, Time: 00:10:50

Health: -5/30      AC:  7    Str:  7    XL:     4   Next: 92%
Magic:  5/11       EV: 12    Int: 26    God:
Gold:   127        SH:  0    Dex: 11    Spells: 2 memorised, 10 levels left

rFire  . . .     SeeInvis .     w - +0 short sword
rCold  . . .     Clarity  .     a - +0 robe
rNeg   . . .     SustAt   .     (no shield)
rPois  .         Gourm    .     b - +0 hat
rElec  .         Spirit   .     (no cloak)
rCorr  .         Warding  .     v - +0 pair of gloves
rMut   .         Stasis   .     (no boots)
MR     .....                    (no amulet)
Stlth  ++........               (no ring)
                                (no ring)

@: brilliant, not resistant to hostile enchantments, unstealthy
A: iridescent scales 1
a: no special abilities


You were on level 2 of the Dungeon.
You were hungry.

You visited 1 branch of the dungeon, and saw 3 of its levels.

You collected 127 gold pieces.

Inventory:

Hand Weapons
 l - a +0 dagger
 w - a +0 short sword (weapon)
Armour
 a - a +0 robe (worn)
 b - a +0 hat (worn)
 s - a +3 chain mail of poison resistance
 v - a +0 pair of gloves (worn)
Jewellery
 r - an uncursed ring of fire
Scrolls
 g - 2 scrolls of fear {unknown}
 h - 3 scrolls of identify {unknown}
 j - 2 scrolls of remove curse {unknown}
 k - 2 scrolls of enchant weapon {unknown}
 m - a scroll of recharging {unknown}
 n - a scroll of immolation {unknown}
 p - a scroll of magic mapping {unknown}
 q - a scroll of noise {unknown}
Potions
 e - a potion of might
 u - a potion of flight {unknown}
Books
 c - a book of Minor Magic

   Spells                             Type                      Level
   a - Magic Dart                     Conjuration                  1
   b - Blink                          Translocation                2
   c - Call Imp                       Summoning                    2
   d - Repel Missiles                 Charms/Air                   2
   e - Slow                           Hexes                        2
   f - Conjure Flame                  Conjuration/Fire             3
   g - Mephitic Cloud                 Conjuration/Poison/Air       3
Comestibles
 d - 3 bread rations
 f - 3 meat rations
 o - 5 fruits


   Skills:
 - Level 1.7 Dodging
 - Level 1.7 Stealth
 - Level 5.2 Spellcasting
 + Level 1.4 Conjurations
 - Level 1.0 Summonings
   Level 0.8 Translocations


You had 10 spell levels left.
You knew the following spells:

 Your Spells              Type           Power        Failure   Level  Hunger
a - Magic Dart            Conj           ####         1%          1    None
b - Call Imp              Summ           ####....     1%          2    None


Dungeon Overview and Level Annotations

Branches:
Dungeon (3/15)

Altars:
Nemelex Xobeh


Innate Abilities, Weirdness & Mutations

You are partially covered in iridescent scales (AC +4).


Message History

What do you say? t - Shout!
Orders for allies: a - Attack new target. p - Attack previous target. r - Retreat! s - Stop attacking. w - Wait here. f - Follow me.
Anything else - Stay silent.
Okay, then.
Unknown command.
Drink which item? (? for menu, Esc to quit)
It was a potion of curing.
You feel better.
The orc priest hits you with a hand axe.
* * * LOW HITPOINT WARNING * * *
The orc priest hits your crimson imp but does no damage.
Your crimson imp blinks! x2
You barely miss the orc priest.
The orc priest is lightly wounded.
The orc completely misses you.
The orc priest invokes the aid of Beogh against you.
Something smites you!
You die...

#.#.# #....#
#.######.#### ..#.#
#.#..# #.#..........
###.# #.#..#
#.#.####.#### #.#
#.#..# #.#.# #.# #.#
#.#.5# #.#.# #.# #.#
#.##.####.#.# #.# #.#
#.........#.# #.#
#.############o######.#
#.# #...........)o@#
#.# #.#
###...###...ยง### #.#
#.#### #...#
#5...########.# #.....
#####
#.............####.#...
#....................##
#.................#[.##
####.............###..#
##...........#####..
#..........###.###.


You could see an orc priest, an orc and 2 friendly crimson imps.

Vanquished Creatures
  Jessica (D:2)
  Terence (D:2)
  4 adders (D:2)
  2 oozes
  2 ball pythons
  5 bats (D:1)
  A giant cockroach (D:2)
  A hobgoblin (D:2)
  6 jackals
  6 kobolds
  A giant gecko skeleton (D:2)
  A giant newt (D:1)
  4 goblins
  9 rats
44 creatures vanquished.

Notes
Turn   | Place    | Note
--------------------------------------------------------------
     0 | D:1      | tp1 the Demonspawn Wizard began the quest for the Orb.
     0 | D:1      | Reached XP level 1. HP: 13/13 MP: 4/4
    89 | D:1      | Gained mutation: You are partially covered in iridescent scales (AC +4). [demonic ancestry]
    89 | D:1      | Reached XP level 2. HP: 19/19 MP: 0/6
    93 | D:1      | Learned a level 2 spell: Call Imp
   792 | D:1      | Reached skill level 4 in Spellcasting
  1009 | D:2      | Noticed Jessica
  1027 | D:2      | Killed Jessica
  1027 | D:2      | Reached XP level 3. HP: 11/24 MP: 0/8
  1553 | D:2      | Reached XP level 4. HP: 25/30 MP: 2/10
  1680 | D:2      | Found a sparkling altar of Nemelex Xobeh.
  2102 | D:2      | Noticed Terence
  2120 | D:2      | Killed Terence
  2120 | D:2      | Reached skill level 5 in Spellcasting
  2751 | D:2      | HP: 1/30 [orc/club (2)]
  2753 | D:2      | Killed from afar by an orc priest

Action                   |  1- 3 |  4- 6 || total
-------------------------+-------+-------++-------
Melee: Unarmed           |    40 |       ||    40
       Dagger            |    28 |    11 ||    39
       Short sword       |       |     8 ||     8
 Cast: Magic Dart        |    70 |    44 ||   114
       Call Imp          |       |     2 ||     2
  Use: Potion            |     1 |     3 ||     4
  Eat: Chunk             |     2 |     3 ||     5
